 Dungeon Crawl Stone Soup version 0.28-a0-514-g0d7ab7f379 (webtiles) character file.

Game seed: 15442067625970147669

3038 speeev33 the Slinger (level 9, -9/84 HPs)
             Began as a Minotaur Hunter on Sept 22, 2021.
             Mangled by a seven-headed hydra (10 damage)
             ... on level 6 of the Dungeon.
             The game lasted 00:11:44 (6520 turns).

speeev33 the Slinger (Minotaur Hunter)              Turns: 6520, Time: 00:11:45

Health: -9/84      AC: 12    Str: 21    XL:     9   Next: 56%
Magic:  8/8        EV:  8    Int:  8    God:
Gold:   332        SH:  0    Dex: 10    Spells: 8/8 levels left

rFire   . . .      SeeInvis +   a - +2 hunting sling (vorpal)
rCold   . . .      Faith    .   (no shield)
rNeg    . . .      Spirit   .   m - +0 chain mail
rPois   .          Reflect  .   (helmet restricted)
rElec   .          Harm     .   j - scarf {shadows}
rCorr   .          Rampage  .   k - +0 pair of gloves
Will    .....                   (no boots)
Stlth   ..........              (no amulet)
HPRegen 0.24/turn               f - ring of see invisible
MPRegen 0.11/turn               (no ring)

@: about to teleport
A: horns 2, retaliatory headbutt
a: no special abilities


You were on level 6 of the Dungeon.
You visited 1 branch of the dungeon, and saw 6 of its levels.

You collected 332 gold pieces.

Inventory:

Hand Weapons
 a - a +2 vorpal hunting sling (weapon)
 b - a +0 trident
Missiles
 c - 106 stones
 d - 22 sling bullets (quivered ammo)
 v - a throwing net
Armour
 j - a scarf of shadows (worn)
 k - a +0 pair of gloves (worn)
 m - a +0 chain mail (worn)
Jewellery
 f - a ring of see invisible (left hand)
 s - a ring of fire
Wands
 o - a wand of polymorph (10)
 q - a wand of iceblast (5)
Scrolls
 r - a scroll of enchant weapon
Potions
 e - 2 potions of degeneration
 g - a potion of flight
 h - 4 potions of curing
 i - 2 potions of mutation {unknown}
 l - a potion of attraction {unknown}
 n - 4 potions of heal wounds
 p - a potion of berserk rage {unknown}
 t - 2 potions of haste {unknown}
 u - a potion of lignification {unknown}


   Skills:
 + Level 9.5 Fighting
 + Level 9.6 Slings
 + Level 9.2 Armour
 - Level 2.1 Dodging
 - Level 0.7 Stealth


You had 8 spell levels left.
You didn't know any spells.
Your spell library contained the following spells:

 Spells                   Type           Power      Damage    Failure   Level
 Sublimation of Blood     Necr           0%         N/A       99%         2
 Wereblood                Tmut           0%         N/A       99%         2
 Summon Hydra             Summ           0%         N/A       100%        7


Dungeon Overview and Level Annotations

Branches:
Dungeon (6/15)
 Temple: D:4-7

Altars:
Gozag
Trog
Vehumet
Wu Jian

Shops:
D:2 =   D:5 *

Annotations:
D:5 Prince Ribbit


Innate Abilities, Weirdness & Mutations

You have a pair of horns on your head.
You reflexively headbutt those who attack you in melee.


Message History

The vampire mosquito bites you but does no damage.
Okay, then.
Okay, then.
You shoot a sling bullet.
The sling bullet barely misses the vampire mosquito.
The sling bullet hits the seven-headed hydra!
The seven-headed hydra is moderately wounded.
The vampire mosquito barely misses you.
You shoot a sling bullet.
The sling bullet barely misses the seven-headed hydra.
The sling bullet barely misses the vampire mosquito.
You shoot a sling bullet.
The sling bullet barely misses the seven-headed hydra.
The sling bullet hits the vampire mosquito!
The vampire mosquito is heavily damaged.
The seven-headed hydra barely misses you.
The seven-headed hydra bites you.
The seven-headed hydra bites you but does no damage.
The seven-headed hydra bites you. x4
You shoot a sling bullet.
The sling bullet hits the seven-headed hydra!
The seven-headed hydra is heavily wounded.
The seven-headed hydra bites you.
The seven-headed hydra bites you but does no damage.
The seven-headed hydra bites you! x3
The seven-headed hydra barely misses you.
The seven-headed hydra closely misses you.
As you read the scroll of teleportation, it crumbles to dust.
You feel strangely unstable. The seven-headed hydra bites you!
* * * LOW HITPOINT WARNING * * *
The seven-headed hydra completely misses you.
The seven-headed hydra bites you.
* * * LOW HITPOINT WARNING * * *
The seven-headed hydra bites you.
* * * LOW HITPOINT WARNING * * *
The seven-headed hydra bites you!
* * * LOW HITPOINT WARNING * * *
The seven-headed hydra closely misses you.
The seven-headed hydra bites you!
You die...

#.....###..###..... ##...##
######..... ##...## #..........
#.##################
#.#(!(#.....#.....#.
#.#.:.#.....#.....#. #.#y[
#..#..#..#..#.
##############.#D###).#.†#..#..#.
...............#@.....#.....#....
##############.#......#.....#....
#..##################
#................†...
##....................
#...##################
###...#......#.....#....
#.....#......#.....#....
######..>..#)###..#..#..#..#.


You could see a seven-headed hydra and a vampire mosquito.

Vanquished Creatures
  Grinder (D:4)
  Sigmund (D:3)
  Eustachio (D:6)
  A steam dragon (D:6)
  2 water moccasins (D:6)
  A necrophage (D:4)
  An ice beast (D:5)
  A sky beast (D:6)
  2 black bears (D:5)
  2 ogres (D:6)
  A phantom (D:5)
  A kobold brigand (D:6)
  A gnoll sergeant (D:6)
  6 scorpions
  A water moccasin skeleton (D:5)
  2 howler monkeys
  5 jellies
  A crimson imp (D:6)
  2 hounds
  2 bullfrog skeletons (D:6)
  An orc priest (D:3)
  A gnoll shaman (D:6)
  Terence (D:2)
  3 iguanas
  4 orc wizards
  A statue (D:6)
  A killer bee zombie (D:5)
  3 hound skeletons
  Robin (D:3)
  5 gnolls (D:6)
  6 adders
  A howler monkey skeleton (D:6)
  A shadow imp (D:6)
  2 white imps (D:6)
  An ufetubus (D:5)
  2 worms
  3 dart slugs
  13 orcs
  6 ball pythons
  8 endoplasms
  2 giant cockroaches
  18 goblins
  5 hobgoblins
  6 jackals
  2 quokkas
  6 bats
  4 frilled lizards
  14 kobolds
  6 rats
162 creatures vanquished.

Notes
Turn   | Place    | Note
-------+----------+-------------------------------------------
     0 | D:1      | speeev33 the Minotaur Hunter began the quest for the Orb.
     0 | D:1      | Reached XP level 1. HP: 18/18 MP: 0/0
   121 | D:1      | Reached skill level 1 in Armour
   162 | D:1      | Reached XP level 2. HP: 25/25 MP: 1/1
   693 | D:2      | Reached XP level 3. HP: 30/31 MP: 2/2
   903 | D:2      | Found a faded altar of an unknown god.
  1014 | D:2      | Found Muptil's Jewellery Shoppe.
  1047 | D:2      | Reached skill level 5 in Slings
  1097 | D:2      | Noticed Terence
  1111 | D:2      | Killed Terence
  1112 | D:2      | Reached XP level 4. HP: 17/40 MP: 3/3
  1790 | D:3      | Reached XP level 5. HP: 43/46 MP: 4/4
  1921 | D:3      | Found an ornate altar of the Wu Jian Council.
  1930 | D:3      | Noticed Sigmund
  1942 | D:3      | Killed Sigmund
  1943 | D:3      | Reached XP level 6. HP: 55/55 MP: 5/5
  2123 | D:3      | Noticed Robin
  2138 | D:3      | Reached skill level 5 in Fighting
  2149 | D:3      | Killed Robin
  2541 | D:3      | Noticed a spectral centipede
  2541 | D:3      | Noticed a spectral black mamba
  2541 | D:3      | Noticed a spectral cane toad
  2957 | D:4      | Noticed Grinder
  2963 | D:4      | Paralysed by Grinder for 3 turns
  2972 | D:4      | Reached XP level 7. HP: 33/61 MP: 6/6
  2975 | D:4      | Reached skill level 5 in Armour
  2995 | D:4      | Killed Grinder
  3532 | D:5      | Entered Level 5 of the Dungeon
  3564 | D:5      | Reached XP level 8. HP: 69/71 MP: 7/7
  3671 | D:5      | Found a bloodstained altar of Trog.
  4200 | D:5      | Found an opulent altar of Gozag.
  4204 | D:5      | Found Gozag's Platinum Reserve.
  4264 | D:5      | Noticed Prince Ribbit
  4553 | D:6      | Noticed Eustachio
  4596 | D:6      | Killed Eustachio
  4993 | D:6      | Reached XP level 9. HP: 82/82 MP: 8/8
  5406 | D:6      | Found a radiant altar of Vehumet.
  6512 | D:6      | Noticed a seven-headed hydra
  6520 | D:6      | HP: 1/84 [seven-headed hydra (13)]
  6520 | D:6      | Mangled by a seven-headed hydra

Illustrated notes

Levels and vault maps discovered:
D:1:      evilmike_arrival_home_sweet_home, layout_rooms, minmay_door_square
D:2:      layout_basic, shapermc_ecumenical_altar_mp_highgroup, serial_shops,
          shop, uniq_terence
D:3:      layout_loops_ring, pdpol_wu_jian_five_deadly_venoms, uniq_robin,
          uniq_sigmund
D:4:      cheibrodos_barr_body, layout_basic,
          minmay_a_box_with_orc_wizards_in_it, uniq_grinder
D:5:      layout_basic, trog_ov_bears_minmay, nicolae_gozag_zags_fifth_avenue,
          uniq_prince_ribbit1
D:6:      kennysheep_windowed_halls, layout_cave_pools, vehumet_statue,
          hangedman_decor_opposing, minmay_fire_ice_demons, uniq_eustachio

Skill      XL: |  1  2  3  4  5  6  7  8  9 |
---------------+----------------------------+-----
Armour         | 1 2 3 4 6 8 9 |  9.2
Fighting       | 3 4 5 6 8 9 |  9.5
Slings         | 5 6 7 8 9 |  9.6
Dodging        | |  2.1
Stealth        | |  0.7

Action                   |  1- 3 |  4- 6 |  7- 9 || total
-------------------------+-------+-------+-------++-------
 Fire: Hunting sling     |    93 |   156 |   340 ||   589
  Use: Scroll            |     2 |     4 |     6 ||    12
Armor: Ring mail         |     4 |       |       ||     4
       Leather armour    |     1 |       |       ||     1
       Scale mail        |     9 |    16 |       ||    25
       Chain mail        |       |     3 |   100 ||   103
Dodge: Dodged            |    20 |    22 |    75 ||   117

Table legend: (Time is in decaauts)
 A = Elapsed time spent in this place.
 B = Non-inter-level travel time spent in this place.
 C = Inter-level travel time spent in this place.
 D = Time resting spent in this place.
 E = Time spent auto-exploring this place.
 F = Levels seen in this place.
 G = Mean time per level.
                   A        B        C        D        E       F      G
               +--------+--------+--------+--------+--------+-----+--------+
         Total |   6432 |   6314 |    118 |    896 |   4224 |   6 | 1072.0 |
       Dungeon |   6432 |   6314 |    118 |    896 |   4224 |   6 | 1072.0 |
               +--------+--------+--------+--------+--------+-----+--------+

Top non-repeatable levels by time:
     D:6: 2072 daAuts
     D:2: 974 daAuts
     D:4: 955 daAuts
     D:3: 941 daAuts
     D:5: 852 daAuts
     D:1: 635 daAuts
